 Dungeon Sprint DCSS version 0.30-a0-4-ga7cffc901d (webtiles) character file.

Game seed: 18257457832600559416

1197 Conn the Arsonist (level 8, -4/41 HPs)
             Began as an Octopode Fire Elementalist on Aug 21, 2022.
             Killed from afar by an electric eel (16 damage)
             ... with a bolt of electricity
             ... in the Dungeon (Sprint II: "The Violet Keep of Menkaure").
             The game lasted 00:04:46 (611 turns).

Conn the Arsonist (Octopode Fire Elementalist)       Turns: 611, Time: 00:04:46

Health: -4/41      AC:  1    Str:  6    XL:     8   Next: 44%
Magic:  9/20       EV: 15    Int: 19    God:
Gold:   66         SH:  0    Dex: 12    Spells: 10/23 levels left

rFire   . . .      SeeInvis .      - Unarmed
rCold   . . .      Faith    .    (no shield)
rNeg    . . .      Spirit   .    (helmet restricted)
rPois   .          Reflect  .    (no amulet)
rElec   .          Harm     .    (no ring)
rCorr   .          Rampage  .    (no ring)
Will    .....      NoTele   +    (no ring)
Stlth   ++++++....               (no ring)
HPRegen 0.13/turn                (no ring)
MPRegen 0.17/turn                (no ring)
                                 (no ring)
                                 (no ring)

@: no status effects
A: almost no armour, amphibious, 8 rings, camouflage 1, gelatinous body 1,
nimble swimmer 1, tentacles, frail 1, weak 1
a: no special abilities


You were in the Dungeon.
You visited 1 branch You collected 258 gold pieces.
You spent 192 gold pieces at shops.

Inventory:

Scrolls
 f - a scroll of blinking
Potions
 a - 3 potions of magic
 b - a potion of curing


   Skills:
 + Level 0.2 Fighting
 + Level 6.3 Dodging
 + Level 7.6 Stealth
 + Level 3.1 Unarmed Combat
 + Level 8.2 Spellcasting
 + Level 3.3 Conjurations
 + Level 13.3 Fire Magic


You had 10 spell levels left.
You knew the following spells:

 Your Spells              Type           Power      Damage    Failure   Level
a - Foxfire               Conj/Fire      100%       2x1d9     1%          1
b - Conjure Flame         Conj/Fire      39%        6-21      1%          3
c - Inner Flame           Hex/Fire       33%        N/A       1%          3
d - Flame Wave            Conj/Fire      39%        2d11      2%          4
e - Scorch                Fire           100%       2d10      1%          2

Your spell library contained the following spells:

 Spells                   Type           Power      Damage    Failure   Level


Dungeon Overview and Level Annotations

Branches:
Dungeon (1/1)

Altars:

Shops:
D :=![=*!(?:=([!:

Annotations:
D exclusion: oklob plant


Innate Abilities, Weirdness & Mutations

You cannot wear most types of armour.
You are amphibious.
You can wear up to eight rings at the same time.
Your skin changes colour to match your surroundings (Stealth+).
Your rubbery body absorbs attacks. (AC +1, EV +1)
You are camouflaged when in or above water. (Stealth+)
You have tentacles for arms and can constrict up to eight enemies at once.
You are frail. (-10% HP)
You are weak. (Str -2)


Message History

Unknown command.
Unknown command.
Casting: Foxfire (safe; 1% risk of failure)
Confirm with . or Enter, or press ? or * to list all spells.
Flames lash the electric eel.
You kill the electric eel!
You hear a splash.
Unknown command.
Casting: Scorch (safe; 1% risk of failure)
Confirm with . or Enter, or press ? or * to list all spells.
You can't see any susceptible monsters within range! (Use Z to cast anyway.) Unknown command.
Casting: Scorch (safe; 1% risk of failure)
Confirm with . or Enter, or press ? or * to list all spells.
You conjure some foxfire!
Unknown command.
Casting: Foxfire (safe; 1% risk of failure)
Confirm with . or Enter, or press ? or * to list all spells.
You conjure some foxfire!
Your foxfire dissipates!
Unknown command.
Casting: Foxfire (safe; 1% risk of failure)
Confirm with . or Enter, or press ? or * to list all spells.
Flames lash the electric eel.
The electric eel is heavily wounded.
The electric eel's fire resistance burns away.
The foxfire hits the electric eel.
The electric eel is moderately wounded.
The foxfire hits the electric eel!
The electric eel is burned terribly!
You kill the electric eel!
Casting: Scorch (safe; 1% risk of failure)
Confirm with . or Enter, or press ? or * to list all spells.
Flames lash the electric eel.
The electric eel is severely wounded.
The electric eel's fire resistance burns away.
The electric eel shoots out a bolt of lightning at you!
The bolt of electricity hits you!
* * * LOW HITPOINT WARNING * * *
The bolt of electricity hits you!
You die...

..∩.∩...#~#...##.##.B$#
...∩.∩..'§'.#.).<.+#
....∩.∩.#~#...##.##.B.#
▓▓▓▓▓▓###~##.###+# .##
[{{######~~### # !$D#S
##÷~~# § ∩P!+. #'#~##
~§§ !=!#?#
#.#v§##+##~~~≈§ $.$ ##
####~§§@~~~~~§§ #+#
#+++#§§§#~§§ ≈SS§§#
SSS§§§≈# ≈§≈≈≈§≈≈≈'
≈≈§≈§§≈≈≈##≈
##≈≈§§≈≈≈## ####+####


You could see 5 electric eels.

Vanquished Creatures
  A merfolk siren (D)
  A blink frog (D)
  4 neqoxecs (D)
  Menkaure (D)
  A water moccasin (D)
  2 electric eels (D)
10 creatures vanquished.

Vanquished Creatures (others)
  62 foxfires (D)
62 creatures vanquished.

Grand Total: 72 creatures vanquished

Notes
Turn   | Place    | Note
-------+----------+-------------------------------------------
     0 | D        | Conn the Octopode Fire Elementalist began the quest for the
                  | Orb.
     0 | D        | Reached XP level 1. HP: 11/11 MP: 3/3
     1 | D        | Noticed a boulder beetle
     1 | D        | Noticed a boulder beetle
     4 | D        | Noticed a neqoxec
    11 | D        | Killed a neqoxec
    12 | D        | Reached skill level 1 in Unarmed Combat
    12 | D        | Reached skill level 7 in Fire Magic
    12 | D        | Reached XP level 2. HP: 5/17 MP: 4/7
    12 | D        | Reached XP level 3. HP: 6/21 MP: 4/8
    12 | D        | Reached XP level 4. HP: 8/27 MP: 5/10
    12 | D        | Reached XP level 5. HP: 9/31 MP: 5/11
    12 | D        | Noticed a neqoxec
    19 | D        | Gained mutation: You have hidden genetic defects. [a
                  | neqoxec]
    27 | D        | Gained mutation: You have a pair of small antennae on your
                  | head. [a neqoxec]
    29 | D        | Killed a neqoxec
    30 | D        | Reached skill level 5 in Stealth
    30 | D        | Reached skill level 5 in Spellcasting
    30 | D        | Reached skill level 9 in Fire Magic
    30 | D        | Reached XP level 6. HP: 2/36 MP: 4/13
    35 | D        | Learned a level 2 spell: Scorch
    39 | D        | Learned a level 3 spell: Conjure Flame
    43 | D        | Learned a level 3 spell: Inner Flame
    48 | D        | Learned a level 4 spell: Flame Wave
    49 | D        | Gained mutation: Your body sometimes deteriorates upon
                  | taking damage. [hidden defects]
   255 | D        | Noticed a merfolk siren
   263 | D        | Killed a merfolk siren
   264 | D        | Reached skill level 5 in Dodging
   264 | D        | Reached skill level 11 in Fire Magic
   264 | D        | Reached XP level 7. HP: 35/41 MP: 1/16
   265 | D        | Gained mutation: You have terrible hidden genetic defects.
                  | [hidden defects]
   265 | D        | Lost mutation: You have terrible hidden genetic defects.
                  | [hidden defects expressed]
   281 | D        | Reached skill level 12 in Fire Magic
   285 | D        | Found Ciadgh's Antique Armour Shoppe.
   285 | D        | Found Lonley's Book Emporium.
   286 | D        | Found Kuoshruh's Book Shoppe.
   286 | D        | Found Feahed's Magic Scroll Emporium.
   286 | D        | Found Tephiz's Weapon Shoppe.
   286 | D        | Found Jaficvor's Antique Weapon Shoppe.
   286 | D        | Found Fulus's Distillery.
   288 | D        | Found Osurphiag's Assorted Antiques.
   288 | D        | Found Zep Ogya's Jewellery Shoppe.
   288 | D        | Found Kicaxod's Antique Armour Emporium.
   288 | D        | Found Lepnem's Distillery.
   288 | D        | Found Eteitela's Jewellery Emporium.
   289 | D        | Found Jiafro's Distillery.
   289 | D        | Found Ymam's Jewellery Emporium.
   290 | D        | Noticed Menkaure
   290 | D        | Noticed a neqoxec
   290 | D        | Noticed an oklob plant
   291 | D        | Found Daromees's Book Shoppe.
   340 | D        | Killed a neqoxec
   344 | D        | Gained mutation: You are frail. (-10% HP) [hidden defects]
   349 | D        | Killed Menkaure
   350 | D        | Reached XP level 8. HP: 28/41 MP: 0/19
   357 | D        | Noticed a fire dragon
   363 | D        | Gained mutation: You occasionally lose the ability to drink
                  | potions when taking damage. [hidden defects]
   363 | D        | Lost mutation: You have hidden genetic defects. [hidden
                  | defects expressed]
   373 | D        | Bought a potion of mutation for 96 gold pieces
   373 | D        | Lost mutation: You have a pair of small antennae on your
                  | head. [potion of mutation]
   373 | D        | Lost mutation: You are frail. (-10% HP) [potion of
                  | mutation]
   373 | D        | Lost mutation: You occasionally lose the ability to drink
                  | potions when taking damage. [potion of mutation]
   373 | D        | Gained mutation: You occasionally lose the ability to read
                  | scrolls when taking damage. [potion of mutation]
   374 | D        | Bought a potion of mutation for 96 gold pieces
   374 | D        | Lost mutation: You occasionally lose the ability to read
                  | scrolls when taking damage. [potion of mutation]
   374 | D        | Lost mutation: Your body sometimes deteriorates upon taking
                  | damage. [potion of mutation]
   374 | D        | Gained mutation: You are weak. (Str -2) [potion of
                  | mutation]
   374 | D        | Gained mutation: You are frail. (-10% HP) [potion of
                  | mutation]
   391 | D        | Noticed a blink frog
   395 | D        | Killed a blink frog
   396 | D        | Reached skill level 13 in Fire Magic
   611 | D        | Killed from afar by an electric eel

Illustrated notes

Levels and vault maps discovered:
D:        the_violet_keep_of_menkaure [sprint2_stairs_cluster_1,
          sprint2_shoproom, sprint2_temple, sprint2_basic_supplies,
          sprint2_obstacle_7, sprint2_obstacle_3, sprint2_obstacle_4,
          sprint2_obstacle_2, sprint2_obstacle_6, sprint2_timed_cluster_1,
          sprint2_smallroom_cluster_1, sprint2_smallroom_final_cluster_1,
          sprint2_transparent_cluster_1, sprint2_second_timed_cluster_1,
          sprint2_sniper_area_1, sprint2_heavy_combat_area_1,
          sprint2_mutation_trap_area_1, sprint2_forest_area_1,
          sprint2_light_combat_area_1, sprint2_behind_water_1,
          sprint2_near_end_vault_1]

Skill      XL: |  1  2  3  4  5  6  7  8 |
---------------+-------------------------+-----
Dodging        | 3 4 5 6 |  6.3
Stealth        | 4 5 6 7 |  7.6
Unarmed Combat | 1 2 3 |  3.1
Spellcasting   | 4 5 6 7 8 |  8.2
Fire Magic     | 7 9 11 12 13 | 13.3
Conjurations   | 2 3 |  3.3
Fighting       | |  0.2

Action                   |  1- 3 |  4- 6 |  7- 9 || total
-------------------------+-------+-------+-------++-------
Melee: Unarmed           |     3 |     9 |     3 ||    15
       Tentacles         |     2 |     4 |     1 ||     7
       Constrict         |     1 |     2 |       ||     3
       Punch             |       |     1 |       ||     1
 Cast: Foxfire           |       |     4 |    36 ||    40
       Scorch            |       |     4 |     6 ||    10
       Conjure Flame     |       |     1 |       ||     1
  Use: Potion            |     2 |     1 |     2 ||     5
Dodge: Dodged            |     1 |     7 |     2 ||    10

Table legend: (Time is in decaauts)
 A = Elapsed time spent in this place.
 B = Non-inter-level travel time spent in this place.
 C = Inter-level travel time spent in this place.
 D = Time resting spent in this place.
 E = Time spent auto-exploring this place.
 F = Levels seen in this place.
 G = Mean time per level.
                   A        B        C        D        E       F      G
               +--------+--------+--------+--------+--------+-----+--------+
         Total |    607 |    607 |      0 |    389 |      0 |   1 |  607.0 |
       Dungeon |    607 |    607 |      0 |    389 |      0 |   1 |  607.0 |
               +--------+--------+--------+--------+--------+-----+--------+

Top non-repeatable levels by time:
       D: 607 daAuts
